TOP OF THE 1ST |
Tuscaloosa Trout Slayers batting - Pitching for Amarillo Archdukes : RHP José Abacil
|
Pitching: RHP José Abacil
|
|
Batting: LHB Manuel Ortega
|
0-0: Ball 1-0: Called Strike 1-1: Swinging Strike 1-2: Ground out 4-3 (Groundball, 4S)
|
Batting: LHB Ed Murray
|
0-0: Ball 1-0: Called Strike 1-1: Foul Ball, location: 2F 1-2: Foul Ball, location: 2F 1-2: Ball 2-2: Ball 3-2: SINGLE (Groundball, 34D)
|
Batting: LHB José Delgado
|
0-0: Called Strike 0-1: Ball 1-1: Foul Ball, location: 2F 1-2: Ball 2-2: Ball 3-2: SINGLE (Line Drive, 6) Ed Murray to second
|
Batting: LHB Marcos Villarreal
|
0-0: Foul Ball, location: 2F 0-1: Foul Ball, location: 2F 0-2: Strikes out swinging
|
Batting: LHB Ethan Shaw
|
0-0: Foul Ball, location: 2F 0-1: Ball 1-1: DOUBLE (Groundball, 3L) Ed Murray scores José Delgado to third Runner from 3rd tries for Home, SAFE, no throw
|
Batting: RHB José Pinto
|
0-0: Called Strike 0-1: Foul Ball, location: 2F 0-2: Ball 1-2: Ball 2-2: Ball 3-2: Foul Ball, location: 2F 3-2: Foul Ball, location: 2F 3-2: Base on Balls
|
Batting: RHB Augusto Baca
|
0-0: Fielders Choice at 2nd, 5-4 (Groundball, 5)
|
Top of the 1st over - 2 runs, 3 hits, 0 errors, 2 left on base; Tuscaloosa 2 - Amarillo 0 |
BOTTOM OF THE 1ST |
Amarillo Archdukes batting - Pitching for Tuscaloosa Trout Slayers : LHP Ben Head
|
Pitching: LHP Ben Head
|
|
Batting: RHB Xie-li Fong
|
0-0: Ball 1-0: Called Strike 1-1: Ball 2-1: Foul Ball, location: 2F 2-2: Strikes out swinging
|
Batting: SHB Jeff Chambers
|
0-0: Called Strike 0-1: Ground out 6-3 (Groundball, 6)
|
Batting: RHB David Alonso
|
0-0: Ball 1-0: Called Strike 1-1: Called Strike 1-2: Strikes out swinging
|
Bottom of the 1st over - 0 runs, 0 hits, 0 errors, 0 left on base; Tuscaloosa 2 - Amarillo 0 |
TOP OF THE 2ND |
Tuscaloosa Trout Slayers batting - Pitching for Amarillo Archdukes : RHP José Abacil
|
Batting: SHB António Ramírez
|
0-0: DOUBLE (Flyball, 8RD)
|
Batting: RHB Greg Lee
|
0-0: Ground out U3 (Groundball, 34) António Ramírez to third
|
Batting: LHB Manuel Ortega
|
0-0: Swinging Strike 0-1: Foul Ball, location: 2F 0-2: Ball 1-2: Foul Ball, location: 2F 1-2: Ground out U3 (Groundball, 34S) António Ramírez scores
|
Batting: LHB Ed Murray
|
0-0: Ball 1-0: Ball 2-0: Foul Ball, location: 2F 2-1: Ball 3-1: Base on Balls
|
Batting: LHB José Delgado
|
0-0: Called Strike 0-1: Ball 1-1: Swinging Strike 1-2: Ball 2-2: Foul Ball, location: 2F 2-2: SINGLE (Groundball, 34D) Ed Murray to second Runner from 2nd tries for 3rd, SAFE, no throw
|
Batting: LHB Marcos Villarreal
|
0-0: Called Strike José Delgado steals 2nd base 0-1: Ball 1-1: Ball 2-1: SINGLE (Groundball, 34D) Ed Murray scores José Delgado to third Runner from 3rd tries for Home, SAFE, no throw
|
Batting: LHB Ethan Shaw
|
0-0: Ball 1-0: Ball 2-0: Ball 3-0: Called Strike 3-1: Base on Balls Marcos Villarreal to second
|
Batting: RHB José Pinto
|
0-0: Ball 1-0: Called Strike 1-1: Foul Ball, location: 2F 1-2: Foul Ball, location: 2F 1-2: Ball 2-2: Fielders Choice at 2nd, 5-4 (Groundball, 56)
|
Top of the 2nd over - 3 runs, 3 hits, 0 errors, 2 left on base; Tuscaloosa 5 - Amarillo 0 |
BOTTOM OF THE 2ND |
Amarillo Archdukes batting - Pitching for Tuscaloosa Trout Slayers : LHP Ben Head
|
Batting: LHB John Frost
|
0-0: Ball 1-0: Called Strike 1-1: Swinging Strike 1-2: Strikes out swinging
|
Batting: RHB Jon Krohne
|
0-0: Ball 1-0: Ball 2-0: Ball 3-0: Called Strike 3-1: SINGLE (Groundball, 6MD)
|
Batting: RHB Fernando Castellanos
|
0-0: Ground out U3 (Groundball, 34S) Jon Krohne to second
|
Batting: RHB Félix Trevino
|
0-0: Ball 1-0: Foul Ball, location: 2F 1-1: Ball 2-1: Ball 3-1: Base on Balls
|
Batting: RHB Herb Bunch
|
0-0: Ball 1-0: SINGLE (Flyball, 89S) Jon Krohne to third Félix Trevino to second Runner from 3rd tries for Home, SAFE, throw made home
|
Batting: LHB António Chávez
|
0-0: Ball 1-0: Ball 2-0: Ball 3-0: Called Strike 3-1: Foul Ball, location: 2F 3-2: Strikes out swinging
|
Bottom of the 2nd over - 1 run, 2 hits, 0 errors, 2 left on base; Tuscaloosa 5 - Amarillo 1 |
TOP OF THE 3RD |
Tuscaloosa Trout Slayers batting - Pitching for Amarillo Archdukes : RHP José Abacil
|
Batting: RHB Augusto Baca
|
0-0: Ground out U3 (Groundball, 34S)
|
Batting: SHB António Ramírez
|
0-0: Ground out 3-1 (Groundball, 34)
|
Batting: RHB Greg Lee
|
0-0: Ball 1-0: Ball 2-0: Called Strike 2-1: Swinging Strike 2-2: Strikes out swinging
|
Top of the 3rd over - 0 runs, 0 hits, 0 errors, 0 left on base; Tuscaloosa 5 - Amarillo 1 |
BOTTOM OF THE 3RD |
Amarillo Archdukes batting - Pitching for Tuscaloosa Trout Slayers : LHP Ben Head
|
Batting: RHB Xie-li Fong
|
0-0: Called Strike 0-1: Swinging Strike 0-2: Ball 1-2: Fly out, F8 (Flyball, 8RD)
|
Batting: SHB Jeff Chambers
|
0-0: Swinging Strike 0-1: Called Strike 0-2: Strikes out swinging
|
Batting: RHB David Alonso
|
0-0: Swinging Strike 0-1: Ball 1-1: SINGLE (Line Drive, 56D)
|
Batting: LHB John Frost
|
0-0: Foul Ball, location: 2F 0-1: Ball 1-1: Ball 2-1: Foul Ball, location: 2F 2-2: Ball 3-2: Fly out, F3 (Popup, 3SF)
|
Bottom of the 3rd over - 0 runs, 1 hit, 0 errors, 1 left on base; Tuscaloosa 5 - Amarillo 1 |
TOP OF THE 4TH |
Tuscaloosa Trout Slayers batting - Pitching for Amarillo Archdukes : RHP José Abacil
|
Batting: LHB Manuel Ortega
|
0-0: Ground out 1-3 (Groundball, 15)
|
Batting: LHB Ed Murray
|
0-0: Ground out 4-3 (Groundball, 4M)
|
Batting: LHB José Delgado
|
0-0: Ball 1-0: Ball 2-0: Ball 3-0: Called Strike 3-1: Fly out, F7 (Flyball, 78S)
|
Top of the 4th over - 0 runs, 0 hits, 0 errors, 0 left on base; Tuscaloosa 5 - Amarillo 1 |
BOTTOM OF THE 4TH |
Amarillo Archdukes batting - Pitching for Tuscaloosa Trout Slayers : LHP Ben Head
|
Batting: RHB Jon Krohne
|
0-0: DOUBLE (Line Drive, 8LXD)
|
Batting: RHB Fernando Castellanos
|
0-0: Foul Ball, location: 2F 0-1: SINGLE (Groundball, 56D) Jon Krohne to third Runner from 3rd tries for Home, SAFE, no throw
|
Batting: RHB Félix Trevino
|
0-0: Ball 1-0: Ball 2-0: Called Strike 2-1: Ball 3-1: Base on Balls Fernando Castellanos to second
|
Batting: RHB Herb Bunch
|
0-0: Fielders Choice at 2nd, 4-6 (Groundball, 4M) Fernando Castellanos to third
|
Batting: LHB António Chávez
|
0-0: Called Strike 0-1: Swinging Strike 0-2: Strikes out looking
|
Batting: RHB Xie-li Fong
|
0-0: Ball 1-0: Foul Ball, location: 2F 1-1: Fly out, F9 (Line Drive, 89D)
|
Bottom of the 4th over - 1 run, 2 hits, 0 errors, 2 left on base; Tuscaloosa 5 - Amarillo 2 |
TOP OF THE 5TH |
Tuscaloosa Trout Slayers batting - Pitching for Amarillo Archdukes : RHP José Abacil
|
Batting: LHB Marcos Villarreal
|
0-0: Swinging Strike 0-1: Ground out 6-3 (Groundball, 6M)
|
Batting: LHB Ethan Shaw
|
0-0: Ground out 6-3 (Groundball, 6S)
|
Batting: RHB José Pinto
|
0-0: Ball 1-0: SINGLE (Groundball, 34D)
|
Pitching: RHP Ignacio Beltrán
|
|
Batting: RHB Augusto Baca
|
0-0: Ball José Pinto steals 2nd base 1-0: Called Strike 1-1: Ball 2-1: Ball 3-1: Foul Ball, location: 2F 3-2: Fly out, F9 (Flyball, 89M)
|
Top of the 5th over - 0 runs, 1 hit, 0 errors, 1 left on base; Tuscaloosa 5 - Amarillo 2 |
BOTTOM OF THE 5TH |
Amarillo Archdukes batting - Pitching for Tuscaloosa Trout Slayers : LHP Ben Head
|
Batting: SHB Jeff Chambers
|
0-0: Called Strike 0-1: Swinging Strike 0-2: Ball 1-2: Foul Ball, location: 2F 1-2: Ball 2-2: Ball 3-2: Strikes out swinging
|
Batting: RHB David Alonso
|
0-0: Called Strike 0-1: Ball 1-1: Foul Ball, location: 2F 1-2: Foul Ball, location: 2F 1-2: Ground out 5-3 (Groundball, 56)
|
Batting: LHB John Frost
|
0-0: Ball 1-0: Ball 2-0: Swinging Strike 2-1: Foul Ball, location: 2F 2-2: Strikes out swinging
|
Bottom of the 5th over - 0 runs, 0 hits, 0 errors, 0 left on base; Tuscaloosa 5 - Amarillo 2 |
TOP OF THE 6TH |
Tuscaloosa Trout Slayers batting - Pitching for Amarillo Archdukes : RHP Ignacio Beltrán
|
Batting: SHB António Ramírez
|
0-0: Called Strike 0-1: Ball 1-1: Called Strike 1-2: Strikes out swinging
|
Batting: RHB Greg Lee
|
0-0: Called Strike 0-1: Ball 1-1: Fly out, F8 (Flyball, 8RD)
|
Batting: LHB Manuel Ortega
|
0-0: Ball 1-0: Ball 2-0: Called Strike 2-1: Foul Ball, location: 2F 2-2: Ball 3-2: Base on Balls
|
Batting: LHB Ed Murray
|
0-0: Ball 1-0: Ball 2-0: Ball 3-0: Called Strike 3-1: Swinging Strike 3-2: Foul Ball, location: 2F 3-2: Ground out 3-1 (Groundball, 34S)
|
Top of the 6th over - 0 runs, 0 hits, 0 errors, 1 left on base; Tuscaloosa 5 - Amarillo 2 |
BOTTOM OF THE 6TH |
Amarillo Archdukes batting - Pitching for Tuscaloosa Trout Slayers : LHP Ben Head
|
Batting: RHB Jon Krohne
|
0-0: Ball 1-0: Ball 2-0: SOLO HOME RUN (Flyball, 7LD), Distance : 330 ft
|
Batting: RHB Fernando Castellanos
|
0-0: Ball 1-0: Swinging Strike 1-1: Fly out, F7 (Flyball, 7LM)
|
Batting: RHB Félix Trevino
|
0-0: Ball 1-0: Ball 2-0: Ball 3-0: Called Strike 3-1: Foul Ball, location: 2F 3-2: Strikes out swinging
|
Batting: RHB Herb Bunch
|
0-0: Called Strike 0-1: Ground out 3-1 (Groundball, 3D)
|
Bottom of the 6th over - 1 run, 1 hit, 0 errors, 0 left on base; Tuscaloosa 5 - Amarillo 3 |
TOP OF THE 7TH |
Tuscaloosa Trout Slayers batting - Pitching for Amarillo Archdukes : RHP Ignacio Beltrán
|
Batting: LHB José Delgado
|
0-0: Called Strike 0-1: Fly out, F9 (Flyball, 9S)
|
Batting: LHB Marcos Villarreal
|
0-0: Called Strike 0-1: Swinging Strike 0-2: Ball 1-2: Strikes out looking
|
Batting: LHB Ethan Shaw
|
0-0: Called Strike 0-1: Foul Ball, location: 2F 0-2: Ball 1-2: Ball 2-2: Strikes out swinging
|
Top of the 7th over - 0 runs, 0 hits, 0 errors, 0 left on base; Tuscaloosa 5 - Amarillo 3 |
BOTTOM OF THE 7TH |
Amarillo Archdukes batting - Pitching for Tuscaloosa Trout Slayers : LHP Ben Head
|
Pitching: RHP Víctor Viña
|
|
Batting: LHB António Chávez
|
0-0: Foul Ball, location: 2F 0-1: Swinging Strike 0-2: Strikes out looking
|
Batting: RHB Xie-li Fong
|
0-0: Called Strike 0-1: Ball 1-1: Ground out 4-3 (Groundball, 4S)
|
Batting: SHB Jeff Chambers
|
0-0: Ball 1-0: Ball 2-0: Ball 3-0: Called Strike 3-1: Called Strike 3-2: Foul Ball, location: 2F 3-2: SINGLE (Groundball, 5) (infield hit)
|
Batting: RHB David Alonso
|
0-0: Ball Pickoff Throw to First - Error! E1 Jeff Chambers to second 1-0: Ball 2-0: Foul Ball, location: 2F 2-1: Ball 3-1: Base on Balls
|
Batting: LHB John Frost
|
0-0: Called Strike 0-1: SINGLE (Line Drive, 6MD) Jeff Chambers to third David Alonso to second Runner from 3rd tries for Home, SAFE, no throw
|
Batting: RHB Jon Krohne
|
0-0: Ball 1-0: Ball 2-0: Ball 3-0: Base on Balls David Alonso to third John Frost to second
|
Batting: RHB Fernando Castellanos
|
0-0: Ball 1-0: Ground out 1-3 (Groundball, 13)
|
Bottom of the 7th over - 1 run, 2 hits, 1 error, 3 left on base; Tuscaloosa 5 - Amarillo 4 |
TOP OF THE 8TH |
Tuscaloosa Trout Slayers batting - Pitching for Amarillo Archdukes : RHP Ignacio Beltrán
|
Batting: RHB José Pinto
|
0-0: Called Strike 0-1: Called Strike 0-2: Ball 1-2: DOUBLE (Flyball, 8LXD)
|
Pitching: LHP Christiano Gomes
|
|
Batting: RHB Augusto Baca
|
0-0: Intentional Walk
|
Pinch Hitting: RHB Kyle O'Day
|
0-0: Bunt missed! 0-1: Sac Bunt - play at first, batter OUT! 5-4 José Pinto to third Augusto Baca to second
|
Batting: RHB Greg Lee
|
0-0: Ball 1-0: Ground out 4-3 (Groundball, 4)
|
Pinch Hitting: RHB José Fernández
|
0-0: Foul Ball, location: 2F 0-1: Ball 1-1: Foul Ball, location: 2F 1-2: Ball 2-2: Ball 3-2: Fly out, F7 (Flyball, 7LS)
|
Top of the 8th over - 0 runs, 1 hit, 0 errors, 2 left on base; Tuscaloosa 5 - Amarillo 4 |
BOTTOM OF THE 8TH |
Amarillo Archdukes batting - Pitching for Tuscaloosa Trout Slayers : RHP Víctor Viña
|
Now at 3B: Pedro Juárez
|
|
Now at SS: Eddy Jefferson
|
|
Now in LF: Kyle O'Day
|
|
Batting: RHB Félix Trevino
|
0-0: Called Strike 0-1: Ball 1-1: Foul Ball, location: 2F 1-2: Ball 2-2: Fly out, F8 (Flyball, 8LD)
|
Batting: RHB Herb Bunch
|
0-0: SINGLE (Groundball, 34D)
|
Pitching: LHP Mike Scott
|
|
Pinch Hitting: RHB Eugenio Maldonado
|
0-0: Ball 1-0: Swinging Strike 1-1: Ball 2-1: Swinging Strike 2-2: Strikes out swinging
|
Pitching: RHP Jimmy Bradley
|
|
Pinch Hitting: LHB José Martínez
|
0-0: Foul Ball, location: 2F 0-1: Ball 1-1: Ball 2-1: Ball 3-1: Called Strike 3-2: Foul Ball, location: 2F 3-2: Foul Ball, location: 2F 3-2: Base on Balls Herb Bunch to second
|
Batting: SHB Jeff Chambers
|
0-0: Called Strike 0-1: Ball 1-1: SINGLE (Groundball, 3D) Herb Bunch to third José Martínez to second Runner from 3rd tries for Home, SAFE, no throw
|
Pinch Hitting: LHB Jesús Bueno
|
0-0: Ball 1-0: Ball 2-0: SINGLE (Line Drive, 8RS) José Martínez to third Jeff Chambers to second Runner from 3rd tries for Home, SAFE, no throw
|
Batting: LHB John Frost
|
0-0: Fielders Choice at 2nd, 6-4 (Groundball, 6)
|
Bottom of the 8th over - 2 runs, 3 hits, 0 errors, 2 left on base; Tuscaloosa 5 - Amarillo 6 |
TOP OF THE 9TH |
Tuscaloosa Trout Slayers batting - Pitching for Amarillo Archdukes : LHP Christiano Gomes
|
Pitching: RHP Tsugahara Suzuki
|
|
Now at SS: Mark Roy
|
|
Now in LF: Jorge Fernández
|
|
Now in RF: Jesús Bueno
|
|
Batting: LHB Ed Murray
|
0-0: Ball 1-0: Ground out 5-3 (Groundball, 2L)
|
Batting: LHB José Delgado
|
0-0: Ball 1-0: Foul Ball, location: 2F 1-1: Ball 2-1: Ball 3-1: Base on Balls
|
Batting: LHB Marcos Villarreal
|
0-0: Grounds into double play, 4-6-3 (Groundball, 4)
|
Top of the 9th over - 0 runs, 0 hits, 0 errors, 0 left on base; Tuscaloosa 5 - Amarillo 6 |
|